 Dungeon Crawl Stone Soup version 0.25-a0-1104-g1bb6b8da34 (webtiles) character file.

Game seed: 17221806286383932837, levelgen mode: deterministic

5599 Gynju the Basher (level 10, -6/58 HPs)
             Began as a Gargoyle Fighter on Apr 17, 2020.
             Was a High Priest of Cheibriados.
             Mangled by an orc warrior
             ... wielding a +0 glaive
              (24 damage)
             ... in a bailey on May 16, 2020.
             The game lasted 00:13:04 (8079 turns).

Gynju the Basher (Gargoyle Fighter)                 Turns: 8079, Time: 00:13:04

Health: -6/58      AC: 25    Str: 43    XL:     10   Next: 73%
Magic:  11/11      EV:  6    Int: 21    God:    Cheibriados [*****.]
Gold:   410        SH: 13    Dex: 20    Spells: 9/9 levels left

rFire    + . .     SeeInvis .   q - +5 trident of Basaev {freeze, rN+ Str+6 Dex-2}
rCold    . . .     Gourm    .   c - +0 kite shield
rNeg     + + .     Faith    .   a - +0 plate armour
rPois    ∞         Spirit   .   (no helmet)
rElec    +         Reflect  .   h - +0 cloak
rCorr    .         Harm     .   b - +0 pair of gloves
MR       .....                  (no boots)
Stlth    ..........             r - amulet of magic regeneration
HPRegen  0.19/turn              k - ring of protection from fire
MPRegen  0.37/turn              g - +4 ring of protection

@: mighty, very slow
A: negative energy resistance 1, electricity resistance, unbreathing,
petrification resistance, rot immunity, AC +7
a: Bend Time, Temporal Distortion, Slouch, Step From Time, Renounce Religion


You were in a bailey.
You worshipped Cheibriados.
Cheibriados was extremely pleased with you.
You were not hungry.

You visited 2 branches of the dungeon, and saw 9 of its levels.
You also visited: Ossuary and Bailey.

You collected 410 gold pieces.

Inventory:

Hand Weapons
 q - the +5 trident of Basaev (weapon) {freeze, rN+ Str+6 Dex-2}
   (You found it on level 7 of the Dungeon)

   It has been specially enchanted to freeze those struck by it, causing extra
   injury to most foes and up to half again as much damage against particularly
   susceptible opponents.
   It can also slow down cold-blooded creatures.
   It affects your strength (+6).
   It affects your dexterity (-2).
   It protects you from negative energy.
 s - the +6 flail of the Thirteen Dreams {vorpal, *Noise rElec rPois rN+++}
   (You found it on level 5 of the Dungeon)

   It inflicts extra damage upon your enemies.
   It insulates you from electricity.
   It protects you from poison.
   It renders you almost immune to negative energy.
   It may make noises in combat.
Missiles
 w - 8 boomerangs (quivered)
Armour
 a - a +0 plate armour (worn)
 b - a +0 pair of gloves (worn)
 c - a +0 kite shield (worn)
 h - a +0 cloak (worn)
Jewellery
 g - a +4 ring of protection (right hand)
 k - a ring of protection from fire (left hand)
 o - an uncursed ring of positive energy
 r - an amulet of magic regeneration (around neck)
Wands
 n - a wand of acid (12)
 p - a wand of paralysis (9)
 y - a wand of flame (6)
Scrolls
 e - a scroll of teleportation
 m - a scroll of remove curse {@r2}
 t - a scroll of summoning
 u - 3 scrolls of enchant weapon
Potions
 d - 2 potions of ambrosia
 i - a potion of lignification
 j - 5 potions of curing {@q1}
 v - a potion of cancellation
 z - 2 potions of heal wounds
Comestibles
 f - 8 rations


   Skills:
 + Level 4.8 Fighting
 - Level 14.0 Maces & Flails
 + Level 4.9 Armour
 + Level 5.0 Shields
 + Level 1.6 Invocations


You had 9 spell levels left.
You didn't know any spells.
Your spell library contained the following spells:

 Spells                   Type           Power        Failure   Level  Hunger
 Beastly Appendage        Tmut           #.....       97%         1    ##.....
 Sticks to Snakes         Tmut           #.......     99%         2    ###....
 Spider Form              Tmut/Pois      #.........   100%        3    ####...
 Ice Form                 Ice/Tmut       #.......     100%        4    #####..
 Blade Hands              Tmut           #.........   100%        5    ######.


Dungeon Overview and Level Annotations

Branches:
Dungeon (8/15)             Temple (1/1) D:7         Ossuary (visited)
 Bailey (1/1)
   Lair: D:8-11

Altars:
Ashenzari
Cheibriados
Dithmenos
Fedhas
Gozag
Hepliaklqana
Kikubaaqudgha
Makhleb
Nemelex Xobeh
Okawaru
Qazlal
Ru
Sif Muna
Trog
Uskayaw
Vehumet
Wu Jian
Xom
Yredelemnul
Zin
The Shining One


Innate Abilities, Weirdness & Mutations

You are resistant to torment.
Your stone body is resilient. (AC +7)
You are immune to poison.
You resist negative energy. (rN+)
You are resistant to electric shocks. (rElec)
You can survive without breathing.
You are immune to petrification.
You are immune to rotting.


Message History

Press: ? - help, Dir - move target cursor, f/p - orc knight
Aim: an orc knight, wielding a +0 halberd and wearing a +0 ring mail (black smoke, severely wounded)
You reach to attack!
You impale the orc knight!! You freeze the orc knight!
You kill the orc knight!
Cheibriados thoroughly appreciates the change of pace.
Your Shields skill increases to level 5!
Your Invocations skill increases to level 1!
You block the orc warrior's attack.
Attack whom?
Press: ? - help, Dir - move target cursor, f - orc warrior
Aim: an orc warrior, wielding a +0 glaive and wearing a +0 scale mail (black smoke, strong)
You reach to attack!
You miss the orc warrior.
The orc warrior hits you from afar with a +0 glaive!
Attack whom?
Press: ? - help, Dir - move target cursor, f/p - orc warrior
Aim: an orc warrior, wielding a +0 glaive and wearing a +0 scale mail (strong)
You reach to attack!
You puncture the orc warrior! You freeze the orc warrior.
The orc warrior is severely wounded.
The orc warrior hits you from afar with a +0 glaive!!
You die...

#.≈.########## ########
#.≈)##.....##......... #.$$$.##
#.≈..##...'#..≈≈≈≈≈≈§. ##.
#.≈≈..##.##..§≈.....≈§ ##..
##.≈≈..#+#.§≈§...⌠...≈ #..≈
#∩.≈≈..# #.§§§§.⌠∩⌠..≈ #..≈
#.≈≈..## #.§§≈)o.§§≈§ ##.)
#.≈..## #§§§§§≈§≈§. ##. #.≈.##
#.@...§§.. ##
#.≈.#########'###+#############
#.≈....).....##.....##.))......
#.≈≈≈≈≈≈≈≈≈≈..##.∩.##..≈≈≈≈≈≈≈≈
#..........≈≈..## ##..≈≈.......
##########..≈≈..###..≈≈..######
##..≈≈)....≈≈..##
##..≈≈≈≈≈≈≈..## ##.........##


You could see an orc warrior (strong).

Vanquished Creatures
  Erica (D:7)
  An orc knight (Bailey)
  Prince Ribbit (D:6)
  A black bear (D:7)
  An ice beast (D:7)
  5 orc warriors
  3 sky beasts
  5 ogres
  2 phantoms (D:7)
  8 centaurs
  A big kobold (D:8)
  4 bullfrogs
  An elf zombie (Ossuary)
  2 scorpions (D:4)
  3 killer bees (D:7)
  6 howler monkeys
  4 crimson imps
  A quasit (D:8)
  3 centaur zombies (Ossuary)
  A human zombie (Ossuary)
  Crazy Yiuf (D:7)
  A bullfrog skeleton (D:5)
  4 hounds
  3 orc priests
  A centaur skeleton (D:4)
  2 iguanas
  8 worker ants
  4 orc wizards
  A big kobold zombie (Ossuary)
  3 mummies (Ossuary)
  11 gnolls
  6 adders
  3 shadow imps
  4 oozes
  An adder skeleton (D:6)
  4 adder zombies (Ossuary)
  2 worms
  A dart slug (D:3)
  A leopard gecko (D:5)
  29 orcs
  A ball python (D:5)
  11 bats
  4 giant cockroaches
  7 hobgoblins
  12 jackals
  3 quokkas
  4 frilled lizards
  7 goblins
  4 goblin zombies (Ossuary)
  2 hobgoblin zombies (Ossuary)
  3 jackal zombies (Ossuary)
  10 kobolds
  4 kobold zombies (Ossuary)
  A leopard gecko zombie (D:7)
  An orc zombie (Ossuary)
  3 quokka zombies (Ossuary)
  8 rats
  7 rat zombies (Ossuary)
236 creatures vanquished.

Vanquished Creatures (others)
  A hound (D:7)
  3 orc priests (D:7)
  2 orcs (D:7)
6 creatures vanquished.

Grand Total: 242 creatures vanquished

Notes
Turn   | Place    | Note
-------+----------+-------------------------------------------
     0 | D:1      | Gynju the Gargoyle Fighter began the quest for the Orb.
     0 | D:1      | Reached XP level 1. HP: 14/14 MP: 1/1
    30 | D:1      | Reached XP level 2. HP: 19/19 MP: 2/2
   748 | D:2      | Reached XP level 3. HP: 22/23 MP: 3/3
   791 | D:2      | Found an ornate altar of the Wu Jian Council.
  1105 | D:2      | Noticed a bullfrog
  1122 | D:2      | Killed a bullfrog
  1122 | D:2      | Reached XP level 4. HP: 16/29 MP: 4/4
  1135 | D:2      | Reached skill level 3 in Maces & Flails
  1314 | D:2      | Reached XP level 5. HP: 33/33 MP: 5/5
  1373 | D:2      | Found a snail-covered altar of Cheibriados.
  1387 | D:2      | Became a worshipper of Cheibriados the Contemplative
  1388 | D:2      | Upgraded the game from 0.25-a0-785-gb22c70e859 to
                  | 0.25-a0-1104-g1bb6b8da34
  1649 | D:3      | Reached * piety under Cheibriados
  2211 | D:3      | Reached ** piety under Cheibriados
  2243 | D:3      | Found a hazy altar of Hepliaklqana.
  2243 | D:3      | Found a shattered altar of Ashenzari.
  2437 | D:4      | Reached skill level 4 in Maces & Flails
  2437 | D:4      | Reached XP level 6. HP: 32/39 MP: 6/6
  2456 | D:4      | Found a sand-covered staircase.
  2466 | Ossuary  | Entered an ossuary
  2631 | Ossuary  | Reached skill level 5 in Maces & Flails
  2805 | Ossuary  | Reached XP level 7. HP: 41/44 MP: 7/7
  2880 | Ossuary  | Reached *** piety under Cheibriados
  2951 | Ossuary  | Reached skill level 6 in Maces & Flails
  3725 | D:4      | Reached skill level 7 in Maces & Flails
  4089 | D:5      | Entered Level 5 of the Dungeon
  4150 | D:5      | Reached XP level 8. HP: 41/48 MP: 8/8
  4213 | D:5      | Reached skill level 8 in Maces & Flails
  4325 | D:5      | Got a crystal flail
  4326 | D:5      | Identified the +6 flail of the Thirteen Dreams {vorpal,
                  | *Noise rElec rPois rN+++} (You found it on level 5 of the
                  | Dungeon)
  4603 | D:5      | Found a bloodstained altar of Trog.
  5235 | D:6      | Reached skill level 9 in Maces & Flails
  5338 | D:6      | Reached **** piety under Cheibriados
  5441 | D:6      | Noticed Prince Ribbit
  5454 | D:6      | Reached skill level 10 in Maces & Flails
  5454 | D:6      | Reached XP level 9. HP: 52/52 MP: 9/9
  5681 | D:6      | Found a glowing silver altar of Zin.
  5947 | D:6      | Killed Prince Ribbit
  6102 | D:7      | Reached skill level 11 in Maces & Flails
  6301 | D:7      | Reached skill level 12 in Maces & Flails
  6383 | D:7      | Reached ***** piety under Cheibriados
  6457 | D:7      | Reached XP level 10. HP: 58/58 MP: 10/10
  6666 | D:7      | Found a staircase to the Ecumenical Temple.
  6832 | D:7      | Found a runed translucent door.
  6833 | D:7      | Noticed Crazy Yiuf
  7005 | D:7      | Killed Crazy Yiuf
  7092 | Temple   | Entered the Ecumenical Temple
  7179 | D:7      | Got a bloodstained trident
  7180 | D:7      | Identified the +5 trident of Basaev {freeze, rN+ Str+6
                  | Dex-2} (You found it on level 7 of the Dungeon)
  7235 | D:8      | Noticed Erica
  7256 | D:7      | Reached skill level 13 in Maces & Flails
  7278 | D:7      | Killed Erica
  7675 | D:8      | Paralysed by a gnoll for 3 turns
  7731 | D:8      | Found a flagged portal.
  7741 | Bailey   | Entered a bailey
  7847 | Bailey   | Reached skill level 14 in Maces & Flails
  7929 | Bailey   | Noticed an orc knight
  8065 | Bailey   | Noticed an orc knight
  8077 | Bailey   | Killed an orc knight
  8077 | Bailey   | Reached skill level 5 in Shields
  8077 | Bailey   | Reached skill level 1 in Invocations
  8079 | Bailey   | Mangled by an orc warrior

Illustrated notes

Levels and vault maps discovered:
D:1:      scummos_arrival_hexagon, layout_basic, serial_corexii_hall,
          chequers_hall_statues_wall_a, chequers_hall_statues_corner_a
D:2:      layout_basic, nicolae_overflow_crystal_walls, marbit_many_paths,
          first_ration
D:3:      layout_loops_ring, gammafunk_temple_overflow_wave
D:4:      layout_gridville, lightli_ossuary_entry_decrepit_ruins
D:5:      layout_basic, lemuel_round_altar, chequers_mini_garden
D:6:      layout_basic, lemuel_doored_altar, uniq_prince_ribbit1
D:7:      layout_loops_ring, lemuel_temple_firewalk_a, serial_rivers,
          chequers_serial_rivers_small_b, chequers_serial_rivers_micro_d,
          chequers_serial_rivers_small_3, chequers_serial_rivers_micro_b,
          chequers_serial_rivers_micro_c, chequers_serial_rivers_micro_d,
          uniq_crazy_yiuf_cottage
D:8:      layout_basic, kennysheep_little_box, dpeg_oklobed_lair, special_room
          [special_room_orc], enter_bailey_6, blue_anna_alchemist
          [blue_anna_fruit_fields, blue_anna_fruit_fields], uniq_erica
Temple:   minmay_freezing_vapour_temple
Bailey:   bailey_polearm_1, bailey

Skill      XL: |  1  2  3  4  5  6  7  8  9 10 |
---------------+-------------------------------+-----
Fighting       | 4 |  4.8
Armour         | 4 |  4.9
Shields        | 4 5 |  5.0
Maces & Flails | 3 4 5 7 10 12 14 | 14.0
Invocations    | 1 |  1.6

Action                   |  1- 3 |  4- 6 |  7- 9 | 10-12 || total
-------------------------+-------+-------+-------+-------++-------
Melee: Flail             |    98 |   279 |   254 |    89 ||   720
       Whip              |       |       |    55 |       ||    55
       Trident           |       |       |       |    38 ||    38
  Use: Potion            |     1 |       |       |     1 ||     2
       Scroll            |       |     7 |     9 |     1 ||    17
  Eat: Chunk             |     1 |     3 |     4 |     3 ||    11
       Ration            |       |       |     1 |       ||     1
Armor: Scale mail        |    79 |   199 |    43 |       ||   321
       Chain mail        |       |       |     8 |       ||     8
       Plate armour      |       |       |   110 |   160 ||   270
Dodge: Dodged            |    41 |   100 |    57 |    60 ||   258
Block: Kite shield       |    61 |   200 |   168 |   122 ||   551

Table legend:
 A = Non-vault XP
 B = Vault XP
 C = Vault XP percentage of total XP
 D = Non-vault monster count
 E = Vault monster count
 F = Vault count percentage of total count
                 A         B        C        D         E       F
            +---------+---------+-------+---------+---------+-------
      Total |    5209 |    2790 |  34.9 |     181 |      55 |  23.3
            +---------+---------+-------+---------+---------+-------
        D:1 |      26 |       0 |   0.0 |      16 |       0 |   0.0
        D:2 |     140 |       2 |   1.4 |      21 |       1 |   4.5
        D:3 |     148 |       0 |   0.0 |      37 |       0 |   0.0
        D:4 |     441 |       0 |   0.0 |      13 |       0 |   0.0
        D:5 |     612 |       0 |   0.0 |      18 |       0 |   0.0
        D:6 |     912 |     283 |  23.7 |      19 |       1 |   5.0
        D:7 |    2542 |     984 |  27.9 |      42 |       2 |   4.5
        D:8 |     388 |      95 |  19.7 |      15 |       2 |  11.8
    Ossuary |       0 |     389 | 100.0 |       0 |      37 | 100.0
     Bailey |       0 |    1037 | 100.0 |       0 |      12 | 100.0
            +---------+---------+-------+---------+---------+-------
